Selects Italian Coastal Battlegroup
Selects Italian Coastal Battlegroup
Construct Infanterie Kompanie
Construct Luftwaffe Kompanie
Selects Designated Artillery Overwatch
Designated Artillery Overwatch
Luftwaffe Officer Quarters
Construct Panzergrenadier Kompanie
Designated Artillery Overwatch
Marder III M Tank Destroyer
Nebelwerfer 42 Rocket Launcher Team
Selects Artillery Officer
Selects Obice da 210/22 Artillery Emplacement
Designated Artillery Overwatch
Marder III M Tank Destroyer
Marder III M Tank Destroyer
Marder III M Tank Destroyer
Designated Artillery Overwatch
Designated Artillery Overwatch
Designated Artillery Overwatch
Designated Artillery Overwatch
Designated Artillery Overwatch